 Dungeon Crawl Stone Soup version 0.24-a0-201-gf205589 (console) character file.

Game seed: 5553864314746160727

36 bli the Skirmisher (level 3, 0/27 HPs)
             Began as an Octopode Wanderer on Mar 23, 2019.
             Slain by a bat (1 damage)
             ... on level 2 of the Dungeon.
             The game lasted 00:03:00 (1090 turns).

bli the Skirmisher (Octopode Wanderer)              Turns: 1090, Time: 00:03:01

Health: 0/27       AC:  1    Str: 12    XL:     3   Next: 37%
Magic:  3/3        EV: 13    Int: 12    God:
Gold:   76         SH:  0    Dex: 13    Spells: 2/2 levels left

rFire    . . .     SeeInvis .   a - +2 dagger
rCold    . . .     Gourm    .   (no shield)
rNeg     . . .     Faith    .   (helmet restricted)
rPois    .         Spirit   .   h - amulet of inaccuracy (curse)
rElec    .         Reflect  .   (no ring)
rCorr    .         Harm     .   (no ring)
MR       .....                  (no ring)
Stlth    +++.......             (no ring)
HPRegen  0.09/turn              (no ring)
MPRegen  0.08/turn              (no ring)
                                (no ring)
                                (no ring)

@: no status effects
A: almost no armour, stealthy swim, amphibious, 8 rings, constrict 8, camouflage
1, gelatinous body 1
a: no special abilities


You were on level 2 of the Dungeon.
You were hungry.

You visited 1 branch of the dungeon, and saw 2 of its levels.

You collected 76 gold pieces.

Inventory:

Hand Weapons
 a - a +2 dagger (weapon)
 c - a +0 hand crossbow
Missiles
 d - 56 bolts
 o - 3 stones (quivered)
Jewellery
 h - a cursed amulet of inaccuracy (around mantle)
Scrolls
 b - a scroll of fear
 e - 3 scrolls of teleportation
 i - a scroll of enchant armour {unknown}
 j - a scroll of enchant weapon {unknown}
 m - a scroll of identify {unknown}
 n - 2 scrolls of blinking {unknown}
Potions
 g - 2 potions of agility {unknown}
 l - a potion of curing {unknown}
 p - a potion of resistance {unknown}
Comestibles
 f - 2 rations
 k - 6 chunks of flesh


   Skills:
 + Level 3.6 Fighting
 * Level 0.7 Short Blades
 - Level 1.0 Crossbows
 - Level 1.0 Throwing
 + Level 2.3 Dodging
 + Level 3.5 Stealth
   Level 1.0 Shields


You had 2 spell levels left.
You didn't know any spells.
Your spell library was empty.

Dungeon Overview and Level Annotations

Branches:
Dungeon (2/15)

Altars:

Annotations:
D:2 Robin


Innate Abilities, Weirdness & Mutations

You cannot wear most types of armour.
You are very stealthy in the water. (Stealth+)
You are amphibious.
You can wear up to eight rings at the same time.
You can use your tentacles to constrict eight enemies at once.
Your skin changes colour to match your surroundings (Stealth+).
Your rubbery body absorbs attacks. (AC +1, EV +1)


Message History

* * * LOW HITPOINT WARNING * * *
You hit the quokka.
You kill the quokka!
You hit the goblin. Your grab misses the goblin.
The goblin is almost dead.
The goblin closely misses you.
You hit the goblin.
You kill the goblin!
You barely miss the hobgoblin. Your grab misses the hobgoblin.
Your squeeze misses the hobgoblin.
A bat comes into view.
The hobgoblin closely misses you.
You hit the hobgoblin. Your grab misses the hobgoblin.
The hobgoblin is lightly wounded.
The hobgoblin hits you with a +0 club.
* * * LOW HITPOINT WARNING * * *
The bat hits you but does no damage. The bat barely misses you.
The bat closely misses you. The bat hits you.
You die...

...#...#.g.#..#
#....#.#.#.#g#.#.#
..$...#...#..g#.# #
#.......#...#.g# #.
#...> #.#.#.#g# .###...
#.#..g#..# .# ..#..
##g###†# .# #.#.#
#g..gg# .# #.#.# #.#####
.# ##.).# #b# .#
#..÷##.## #@#
.###.#.##..# #.#
.##..<..##.# #.#
..#.....##.#####.#######
.......................#
..#.....##..###......###
..........#.##...######
..........÷...........#
......................#
........##.<..........#
........###...........#


You could see 3 hobgoblins and a bat.

Vanquished Creatures
  An ooze (D:2)
  A ball python (D:1)
  A giant cockroach (D:1)
  6 goblins
  5 hobgoblins
  3 kobolds (D:2)
  A quokka (D:2)
  4 bats
  4 frilled lizards (D:1)
  5 rats
31 creatures vanquished.

Notes
Turn   | Place    | Note
-------+----------+-------------------------------------------
     0 | D:1      | bli the Octopode Wanderer began the quest for the Orb.
     0 | D:1      | bli set off with the following items: a +2 dagger, a scroll
                  | of fear, a +0 hand crossbow, 27 bolts, a scroll of
                  | teleportation, a ration
     0 | D:1      | Reached XP level 1. HP: 16/16 MP: 1/1
   103 | D:1      | Reached XP level 2. HP: 17/21 MP: 2/2
   999 | D:2      | Reached XP level 3. HP: 20/26 MP: 3/3
  1067 | D:2      | Noticed Robin
  1086 | D:2      | HP: 1/27 [hobgoblin/+0 club[Robin] (3)]
  1090 | D:2      | Slain by a bat

Levels and vault maps discovered:
D:1:      roderic_crossed_star, layout_loops_cross
D:2:      layout_rooms, kennysheep_cross_room, kennysheep_doodads, uniq_robin

Skill      XL: |  1  2 |
---------------+-------+-----
Stealth        | 3 |  3.5
Fighting       | |  3.6
Short Blades   | |  0.7
Crossbows      | |  1.0
Throwing       | |  1.0
Dodging        | |  2.3
Shields        | |  1.0

Action                   || total
-------------------------++-------
Melee: Dagger            ||    68
       Tentacles         ||    10
       Constrict         ||    10
  Use: Scroll            ||     1
 Stab: Sleeping          ||     9
       Distracted        ||     1
Armor: Skin              ||     5
Dodge: Dodged            ||    46

Table legend:
 A = Non-vault XP
 B = Vault XP
 C = Vault XP percentage of total XP
 D = Non-vault monster count
 E = Vault monster count
 F = Vault count percentage of total count
                 A         B        C        D         E       F
            +---------+---------+-------+---------+---------+-------
      Total |      48 |       4 |   7.7 |      29 |       2 |   6.5
            +---------+---------+-------+---------+---------+-------
        D:1 |      23 |       0 |   0.0 |      16 |       0 |   0.0
        D:2 |      25 |       4 |  13.8 |      13 |       2 |  13.3
            +---------+---------+-------+---------+---------+-------
